 Dungeon Crawl Stone Soup version 0.25.1-8-g42b30a86e7 (webtiles) character file.

Game seed: 8968990657017453265

168 Clowwww the Skirmisher (level 5, -1/42 HPs)
             Began as a Demonspawn Chaos Knight on Dec 13, 2020.
             Was a Plaything of Xom.
             Succumbed to an orc priest's poison
             ... on level 3 of the Dungeon.
             The game lasted 00:04:57 (1954 turns).

Clowwww the Skirmisher (Demonspawn Chaos Knight)    Turns: 1954, Time: 00:04:58

Health: -1/42      AC:  5    Str: 11    XL:     5   Next: 24%
Magic:  2/5        EV: 11    Int: 10    God:    Xom [..*...]
Gold:   97         SH:  4    Dex: 12    Spells: 4/4 levels left

rFire    . . .     SeeInvis .   a - +0 hand axe (chaos)
rCold    + . .     Gourm    .   (no shield)
rNeg     . . .     Faith    .   b - +2 leather armour
rPois    .         Spirit   +   (no helmet)
rElec    .         Reflect  .   (no cloak)
rCorr    .         Harm     .   (no gloves)
MR       +....                  (no boots)
Stlth    ++........             (no amulet)
HPRegen  0.14/turn              (no ring)
MPRegen  0.09/turn              (no ring)

@: lethally poisoned (-1 -> -18), drained
A: large bone plates 1, cold resistance 1, dopey 2, magic resistance 1,
nightstalker 1, weak 1, magic shield
a: Renounce Religion


You were on level 3 of the Dungeon.
You worshipped Xom.
You were a toy of Xom.
You were hungry.

You visited 1 branch of the dungeon, and saw 3 of its levels.

You collected 97 gold pieces.

Inventory:

Hand Weapons
 a - a +0 hand axe of chaos (weapon)
Armour
 b - a +2 leather armour (worn)
Jewellery
 i - an uncursed ring of poison resistance {unknown}
Scrolls
 e - 5 scrolls of identify {unknown}
 f - a scroll of random uselessness {unknown}
 j - a scroll of noise {unknown}
 l - a scroll of enchant weapon {unknown}
Potions
 d - a potion of haste {unknown}
 h - a potion of might {unknown}
 k - a potion of degeneration {unknown}
Comestibles
 c - 2 rations
 g - a chunk of flesh


   Skills:
 + Level 4.0(2.9) Fighting
 + Level 3.7(2.6) Axes
 + Level 2.4(1.3) Armour
 + Level 2.0(1.0) Dodging
 + Level 1.5(0.5) Stealth


You had 4 spell levels left.
You didn't know any spells.
Your spell library was empty.

Dungeon Overview and Level Annotations

Branches:
Dungeon (3/15)

Altars:
Fedhas


Innate Abilities, Weirdness & Mutations

You are partially covered in large bone plates. (SH +4)
You are slightly more attuned to the shadows.
When hurt, damage is shared between your health and your magic reserves.
Your flesh is cold resistant. (rC+)
You are very dopey. (Int -4)
You are resistant to hostile enchantments. (MR+)
You are weak. (Str -2)


Message History

Okay, then.
You aren't carrying any items that you can evoke.
Unknown command.
You hit the orc priest but do no damage.
The orc priest suddenly seems more agile.
You hit the ooze.
* * * LOW HITPOINT WARNING * * *
You feel sick. The ooze hits you but does no damage.
The orc priest closely misses you.
You hit the orc priest but do no damage.
You hit the ooze. You burn the ooze.
* * * LOW HITPOINT WARNING * * *
You feel sick. The ooze barely misses you.
An orc comes into view. It is wielding a +0 club.
The orc priest barely misses you.
You miss the orc priest.
The orc shouts!
You hit the ooze. You burn the ooze.
You die...
Xom roars with laughter!

#..o.... #.....> .
#..... #.###....
#.......# #.....oJ#
#.@# #..# #..# #.#
#..#### ..#
..###††...# #.#
.......##.###..###
######.)...#.....##
#..)).........#
#........)......


You could see an orc priest (agile), an ooze and an orc.

Vanquished Creatures
  An orc priest (D:3)
  2 gnolls (D:2)
  4 adders
  2 leopard geckos
  3 orcs (D:3)
  2 giant cockroaches
  6 goblins
  8 hobgoblins
  4 jackals (D:2)
  4 bats
  7 frilled lizards
  6 kobolds
  5 rats
54 creatures vanquished.

Vanquished Creatures (collateral kills)
  2 gnolls (D:2)
  2 adders (D:2)
  A frilled lizard (D:2)
5 creatures vanquished.

Grand Total: 59 creatures vanquished

Notes
Turn   | Place    | Note
-------+----------+-------------------------------------------
     0 | D:1      | Clowwww the Demonspawn Chaos Knight began the quest for the
                  | Orb.
     0 | D:1      | Reached XP level 1. HP: 18/18 MP: 1/1
    15 | D:1      | Reached skill level 1 in Dodging
    54 | D:1      | XOM: silly message
   148 | D:1      | XOM: potion effect (stabbing)
   149 | D:1      | Gained mutation: You are partially covered in large bone
                  | plates. (SH +4) [demonic ancestry]
   149 | D:1      | Reached XP level 2. HP: 24/24 MP: 2/2
   539 | D:1      | XOM: give mutations
   539 | D:1      | Gained mutation: You are robust. (+10% HP) [Xom's grace]
   539 | D:1      | Gained mutation: You are resistant to hostile enchantments.
                  | (MR+) [Xom's grace]
   675 | D:2      | XOM: smoke on damage
   676 | D:2      | Gained mutation: You are slightly more attuned to the
                  | shadows. [demonic ancestry]
   676 | D:2      | Reached XP level 3. HP: 19/31 MP: 3/3
   708 | D:2      | XOM: 1-stop teleportation journey
   834 | D:2      | XOM: give mutations
   834 | D:2      | Lost mutation: You are robust. (+10% HP) [Xom's mischief]
   834 | D:2      | Gained mutation: You are dopey. (Int -2) [Xom's mischief]
   834 | D:2      | Gained mutation: You are very dopey. (Int -4) [Xom's
                  | mischief]
   834 | D:2      | Gained mutation: Your flesh is cold resistant. (rC+) [Xom's
                  | mischief]
  1155 | D:2      | Gained mutation: When hurt, damage is shared between your
                  | health and your magic reserves. [demonic ancestry]
  1155 | D:2      | Reached XP level 4. HP: 15/37 MP: 4/4
  1267 | D:2      | XOM: 5-stop teleportation journey
  1340 | D:2      | XOM: 3-stop teleportation journey
  1394 | D:2      | XOM: give mutation
  1394 | D:2      | Gained mutation: You are weak. (Str -2) [Xom's mischief]
  1590 | D:2      | XOM: stat loss: -1 Dex (11/12)
  1663 | D:2      | Found a blossoming altar of Fedhas.
  1704 | D:2      | XOM: silly message
  1836 | D:3      | XOM: smoke on damage
  1840 | D:3      | Reached skill level 1 in Stealth
  1924 | D:3      | Reached XP level 5. HP: 35/42 MP: 5/5
  1942 | D:3      | Reached skill level 4 in Fighting
  1952 | D:3      | HP: 2/42 [poisoned by an orc priest]
  1954 | D:3      | Succumbed to an orc priest's poison

Illustrated notes

Levels and vault maps discovered:
D:1:      minmay_arrival_arboretum_small, layout_basic
D:2:      layout_loops_ring, nicolae_overflow_hidden_temple,
          kennysheep_generic_room_16
D:3:      layout_rooms, grunt_temple_overflow_open, xom_butterflies

Skill      XL: |  1  2  3  4  5 |
---------------+----------------+-----
Dodging        | 1 2 |  2.0
Axes           | 3 |  3.7
Armour         | 2 |  2.4
Stealth        | 1 |  1.5
Fighting       | 4 |  4.0

Action                   |  1- 3 |  4- 6 || total
-------------------------+-------+-------++-------
Melee: Hand axe          |    88 |    77 ||   165
 Stab: Sleeping          |     3 |     2 ||     5
       Paralysed         |       |     2 ||     2
  Eat: Chunk             |     1 |     2 ||     3
Armor: Leather armour    |    24 |    27 ||    51
Dodge: Dodged            |    42 |    49 ||    91
Block: Other             |    12 |    16 ||    28
